 Dungeon Sprint DCSS version 0.30-a0-305-g026cb31310 (webtiles) character file.

Game seed: 5859311334157611831

13782 mhtbhm the Impaler (level 11, -9/166 HPs)
             Began as a Black Draconian Reaver on Oct 23, 2022.
             Was the Champion of Vehumet.
             Killed from afar by a hell hog (39 damage)
             ... with a fireball
             ... in the Dungeon (Sprint VII: "The Pits").
             The game lasted 00:12:21 (4304 turns).

mhtbhm the Impaler (Black Draconian Reaver)         Turns: 4304, Time: 00:12:22

Health: -9/166     AC: 11    Str: 19    XL:     11   Next: 80%
Magic:  21/21      EV: 16    Int: 17    God:    Vehumet [******]
Gold:   27         SH:  0    Dex:  9    Spells: 5/24 levels left

rFire   . . .      SeeInvis .    a - +3 demon trident (vamp)
rCold   . . .      Faith    .    (no shield)
rNeg    . . .      Spirit   .    (body armour unavailable)
rPois   .          Reflect  .    d - +0 hat {Stlth+}
rElec   +          Harm     .    (no cloak)
rCorr   .          Rampage  .    q - +0 pair of gloves
Will    .....      NoTele   +    (no boots)
Stlth   ..........               (no amulet)
HPRegen 0.47/turn                l - +3 ring of strength
MPRegen 0.17/turn                m - +3 ring of protection

@: berserking, short of breath, very quick
A: breathe lightning, AC +7, unfitting armour, electricity resistance,
cold-blooded
a: Breathe Lightning, Renounce Religion


You were in the Dungeon.
You worshipped Vehumet.
Vehumet was exalted by your worship.
You visited 1 branch You collected 27 gold pieces.

Inventory:

Hand Weapons
 a - a +3 vampiric demon trident (weapon)
Missiles
 g - 7 poisoned darts
Armour
 d - a +0 hat of stealth (worn)
 q - a +0 pair of gloves (worn)
Jewellery
 c - the ring "Kokec" {rPois MP+9 SInv}
   (You found it in the Dungeon)

   [ring of poison resistance]

   rPois:     It protects you from poison.
   MP:        It affects your magic capacity (+9).
   SInv:      It lets you see invisible.
 j - a ring of protection from cold
 l - a +3 ring of strength (left hand)
 m - a +3 ring of protection (right hand)
 r - a ring of protection from fire
Wands
 k - a wand of roots (1)
Scrolls
 i - 6 scrolls of amnesia
 p - 2 scrolls of blinking
 s - 3 scrolls of identify
 u - a scroll of immolation
 w - 2 scrolls of enchant weapon
 y - 2 scrolls of enchant armour
Potions
 b - 3 potions of curing
 e - 4 potions of magic
 f - 3 potions of berserk rage
 h - a potion of invisibility
 n - a potion of brilliance
 o - a potion of resistance
 t - 3 potions of heal wounds
 x - 5 potions of mutation


   Skills:
 + Level 14.6 Fighting
 + Level 16.4 Polearms
 + Level 13.2 Dodging
 + Level 9.5 Stealth
 + Level 7.2 Spellcasting
 + Level 9.0 Conjurations
 + Level 5.4 Necromancy
 + Level 0.1 Transmutations
 + Level 3.7 Air Magic
 + Level 3.3 Poison Magic
 + Level 4.2 Evocations


You had 5 spell levels left.
You knew the following spells:

 Your Spells              Type           Power      Damage    Failure   Level
a - Kiss of Death         Conj/Necr      100%       2d13      1%          1
b - Mephitic Cloud        Conj/Pois/Air  24%        N/A       1%          3
c - Freezing Cloud        Conj/Ice/Air   10%        6-21      14%         5
d - Maxwell's Capacitive  Air            9%         ∞         100%        8
e - Wereblood             Tmut           6%         N/A       16%         2

Your spell library contained the following spells:

 Spells                   Type           Power      Damage    Failure   Level
 Momentum Strike          Conj/Tloc      42%        3d9       1%          2
 Hailstorm                Conj/Ice       21%        3d6       1%          3
 Beastly Appendage        Tmut           12%        N/A       11%         1
 Spider Form              Tmut/Pois      12%        N/A       16%         3


Dungeon Overview and Level Annotations

Branches:
Dungeon (1/1)

Altars:
Ashenzari
Cheibriados
Dithmenos
Elyvilon
Fedhas
Gozag
Hepliaklqana
Kikubaaqudgha
Makhleb
Nemelex Xobeh
Okawaru
Qazlal
Ru
Sif Muna
Trog
Uskayaw
Vehumet
Wu Jian
Xom
Yredelemnul
Zin
The Shining One
Jiyva
Lugonu


Innate Abilities, Weirdness & Mutations

You can breathe wild blasts of lightning.
Your glossy black scales are hard. (AC +7)
You cannot fit into any form of body armour.
You are resistant to electric shocks. (rElec)
You are cold-blooded and may be slowed by cold attacks.


Message History

The hell hog completely resists.
The fireball engulfs you!
The fireball engulfs the hell hog.
The hell hog completely resists.
Unknown command.
Activating: Breathe Lightning (3% risk of failure)
Press: ? - help, Dir - look around, f - activate You breathe a wild blast of lightning!
The orb of electricity explodes!
The orb of electricity engulfs you but does no damage.
You resist.
The orb of electricity engulfs the hell hog!!
The hell hog is heavily wounded.
You hear a mighty clap of thunder!
The hell hog misses you. The hell hog breathes fire at you.
The fireball explodes!
The fireball engulfs you!!
* * * LOW HITPOINT WARNING * * *
The fireball engulfs the hell hog.
The hell hog completely resists.
The fireball engulfs the hell hog.
The hell hog completely resists.
Unknown command.
Unknown command.
Unknown command.
Unknown command.
You feel much better. The hell hog misses you.
Unknown command.
Unknown command.
A red film seems to cover your vision as you go berserk!
You feel yourself moving faster!
You feel mighty! The hell hog bites you. The hell hog breathes fire at you.
The fireball explodes!
The fireball engulfs the hell hog.
The hell hog completely resists.
The fireball engulfs the hell hog.
The hell hog completely resists.
The fireball engulfs you!!
* * * LOW HITPOINT WARNING * * *
The fireball engulfs the hell hog.
The hell hog completely resists.
The hell hog bites you.
* * * LOW HITPOINT WARNING * * *
You puncture the hell hog!
Your tail-slap misses the hell hog.
The hell hog is lightly wounded.
The hell hog barely misses you. The hell hog breathes fire at you.
The fireball explodes!
The fireball engulfs you!!!
You die...

#..###### #..# #.h#
####++########## #h.#
...........##..# #..#
.#..#......##..# #..#
...........''..# #††#
...........''..##########§.#
.#..#.....(##...@h()...f§..#
...........##...hh))....§..#
####''######################
..##''# ##### ######## ##########
..##.)###...###..))..# #.........
..##...##...##..##)..###.........
..###...##'##..###...+.##........
..# ##..........##...#..###.....#
..###..###'###...##'##...###...##


You could see 3 hell hogs and a wandering mushroom.

Vanquished Creatures
  An alligator (D)
  A fire crab (D)
  A deep troll (D)
  A swamp dragon (D)
  A deep elf zephyrmancer (D)
  An orc sorcerer (D)
  3 cyclopes (D)
  A guardian serpent (D)
  2 smoke demons (D)
  A cane toad (D)
  3 kobold demonologists (D)
  A demonic crawler (D)
  An efreet (D)
  A troll (D)
  An ice devil (D)
  A red devil (D)
  A hornet (D)
  A tarantella (D)
  5 blink frogs (D)
  A polar bear (D)
  A jumping spider (D)
  A wyvern (D)
  A steam dragon (D)
  14 vampire mosquitoes (D)
  Edmund (D)
  An acid dragon (D)
  An ice beast (D)
  A swamp drake (D)
  An ogre (D)
  9 wolves (D)
  A kobold brigand (D)
  A bullfrog (D)
  An iron imp (D)
  2 gnoll boudas (D)
  An orc priest (D)
  Ijyb (D)
  An iguana (D)
  An orc wizard (D)
  8 gnolls (D)
  2 river rats (D)
  5 orcs (D)
  A bat (D)
  2 giant cockroaches (D)
  3 hobgoblins (D)
  3 jackals (D)
  4 kobolds (D)
  A ball python zombie (D)
98 creatures vanquished.

Vanquished Creatures (collateral kills)
  Gastronok (D)
1 creature vanquished.

Vanquished Creatures (others)
  A deep elf pyromancer (D)
  A wolf (D)
  A giant cockroach (D)
3 creatures vanquished.

Grand Total: 102 creatures vanquished

Notes
Turn   | Place    | Note
-------+----------+-------------------------------------------
     0 | D        | mhtbhm the Draconian Reaver began the quest for the Orb.
     0 | D        | Reached XP level 1. HP: 17/17 MP: 3/3
    28 | D        | Found a bloodstained altar of Trog.
    28 | D        | Found a shimmering blue altar of Sif Muna.
    28 | D        | Found a viscous altar of Jiyva.
    28 | D        | Found a hazy altar of Hepliaklqana.
    28 | D        | Found an opulent altar of Gozag.
    29 | D        | Found a glowing golden altar of the Shining One.
    29 | D        | Found a glowing silver altar of Zin.
    29 | D        | Found a basalt altar of Yredelemnul.
    29 | D        | Found a shimmering altar of Xom.
    29 | D        | Found an ornate altar of the Wu Jian Council.
    29 | D        | Found a sacrificial altar of Ru.
    29 | D        | Found a stormy altar of Qazlal.
    29 | D        | Found an iron altar of Okawaru.
    29 | D        | Found a sparkling altar of Nemelex Xobeh.
    29 | D        | Found a burning altar of Makhleb.
    29 | D        | Found a blossoming altar of Fedhas.
    29 | D        | Found a white marble altar of Elyvilon.
    29 | D        | Found a shadowy altar of Dithmenos.
    29 | D        | Found a snail-covered altar of Cheibriados.
    31 | D        | Found a radiant altar of Vehumet.
    31 | D        | Found a corrupted altar of Lugonu.
    32 | D        | Found a hide-covered altar of Uskayaw.
    32 | D        | Found an ancient bone altar of Kikubaaqudgha.
    32 | D        | Found a broken altar of Ashenzari.
    43 | D        | Became a worshipper of Vehumet
   169 | D        | Reached * piety under Vehumet
   169 | D        | Offered knowledge of Freeze by Vehumet.
   201 | D        | Noticed a bullfrog
   213 | D        | Reached skill level 4 in Polearms
   213 | D        | Reached skill level 1 in Stealth
   213 | D        | Reached XP level 2. HP: 9/25 MP: 5/5
   214 | D        | Reached ** piety under Vehumet
   264 | D        | Killed a bullfrog
   265 | D        | Reached skill level 5 in Polearms
   265 | D        | Reached skill level 5 in Conjurations
   265 | D        | Reached skill level 1 in Necromancy
   265 | D        | Reached XP level 3. HP: 9/31 MP: 5/7
   265 | D        | Reached XP level 4. HP: 11/38 MP: 5/8
   419 | D        | Noticed Edmund
   419 | D        | Noticed an ogre
   430 | D        | Offered knowledge of Magic Dart by Vehumet.
   439 | D        | Reached *** piety under Vehumet
   442 | D        | Reached skill level 6 in Polearms
   467 | D        | Reached XP level 5. HP: 29/45 MP: 10/10
   468 | D        | Reached **** piety under Vehumet
   474 | D        | Killed an ogre
   475 | D        | Reached skill level 7 in Polearms
   496 | D        | Killed Edmund
   497 | D        | Reached skill level 8 in Polearms
   497 | D        | Reached XP level 6. HP: 18/53 MP: 10/13
   639 | D        | Noticed Ijyb
   648 | D        | Killed Ijyb
   648 | D        | Offered knowledge of Inner Flame by Vehumet.
   648 | D        | Reached ***** piety under Vehumet
   649 | D        | Reached skill level 5 in Dodging
   684 | D        | Noticed a jumping spider
   719 | D        | Killed a jumping spider
   720 | D        | Reached skill level 5 in Fighting
   720 | D        | Reached skill level 9 in Polearms
   720 | D        | Reached skill level 5 in Spellcasting
   720 | D        | Your scales start taking on a glossy black colour.
   720 | D        | Reached XP level 7. HP: 18/61 MP: 14/14
   720 | D        | Gained mutation: You are resistant to electric shocks.
                  | (rElec) [Black Draconian growth]
   964 | D        | Offered knowledge of Mephitic Cloud by Vehumet.
   975 | D        | Reached skill level 1 in Evocations
  1052 | D        | Learned a level 3 spell: Mephitic Cloud
  1052 | D        | Noticed an orc sorcerer
  1060 | D        | Noticed a hornet
  1061 | D        | Offered knowledge of Frozen Ramparts by Vehumet.
  1072 | D        | Killed a hornet
  1073 | D        | Reached skill level 10 in Polearms
  1077 | D        | Killed an orc sorcerer
  1078 | D        | Reached skill level 11 in Polearms
  1078 | D        | Reached skill level 1 in Air Magic
  1078 | D        | Reached XP level 8. HP: 37/73 MP: 14/16
  1312 | D        | Noticed a demonic crawler
  1313 | D        | Noticed a cane toad
  1327 | D        | Killed a cane toad
  1327 | D        | Offered knowledge of Arcjolt by Vehumet.
  1328 | D        | Reached skill level 1 in Poison Magic
  1345 | D        | Killed a demonic crawler
  1346 | D        | Reached skill level 12 in Polearms
  1346 | D        | Reached skill level 5 in Necromancy
  1346 | D        | Reached XP level 9. HP: 26/81 MP: 18/18
  1367 | D        | Noticed Gastronok
  1379 | D        | Killed Gastronok
  1380 | D        | Reached skill level 10 in Fighting
  1380 | D        | Reached skill level 13 in Polearms
  1639 | D        | Reached ****** piety under Vehumet
  1711 | D        | Noticed a kobold demonologist
  1711 | D        | Noticed a red devil
  1724 | D        | Killed a kobold demonologist
  1724 | D        | Offered knowledge of Iron Shot by Vehumet.
  1725 | D        | Reached XP level 10. HP: 55/94 MP: 20/20
  1936 | D        | Reached skill level 10 in Dodging
  1937 | D        | Reached skill level 14 in Polearms
  1942 | D        | Noticed a deep troll
  2182 | D        | Killed a deep troll
  2207 | D        | Offered knowledge of Spellforged Servitor by Vehumet.
  2208 | D        | Reached skill level 5 in Stealth
  2208 | D        | Noticed a deep elf pyromancer
  2238 | D        | Killed a deep elf pyromancer
  2389 | D        | Reached skill level 15 in Polearms
  2610 | D        | Offered knowledge of Eringya's Noxious Bog by Vehumet.
  2944 | D        | Noticed a fire crab
  2944 | D        | Noticed an alligator
  2965 | D        | Reached XP level 11. HP: 105/105 MP: 17/21
  2975 | D        | Killed a fire crab
  2975 | D        | HP: 2/105 [alligator (4)]
  3237 | D        | Killed an alligator
  3248 | D        | Noticed a swamp dragon
  3254 | D        | Noticed a deep elf zephyrmancer
  3255 | D        | Offered knowledge of Freezing Cloud by Vehumet.
  3285 | D        | Killed a swamp dragon
  3292 | D        | Reached skill level 16 in Polearms
  3322 | D        | Killed a deep elf zephyrmancer
  3459 | D        | Got the ring "Kokec" {rPois MP+9 SInv}
  3629 | D        | Learned a level 5 spell: Freezing Cloud
  3689 | D        | Offered knowledge of Lightning Bolt by Vehumet.
  3699 | D        | Noticed a hell hog
  3701 | D        | Noticed a hell hog
  3931 | D        | Offered knowledge of Maxwell's Capacitive Coupling by
                  | Vehumet.
  3958 | D        | Learned a level 8 spell: Maxwell's Capacitive Coupling
  3961 | D        | Learned a level 2 spell: Wereblood
  3994 | D        | Noticed a hell hog
  4009 | D        | HP: 5/111 [hell hog/fireball (21)]
  4304 | D        | Killed from afar by a hell hog

Illustrated notes

Levels and vault maps discovered:
D:        pitsprint [storerooms_1, entrance_room_1, metal_vault_5, armoury_1,
          mini_pit_1, grid_room_1, main_hall_1, silver_pit, the_coven_3,
          the_vestibule_1, steel_vault_5, golden_pit, hallway_of_sentries,
          crystal_vault_2, iron_vault_2, final_vault]

Skill      XL: |  1  2  3  4  5  6  7  8  9 10 11 |
---------------+----------------------------------+-----
Dodging        | 2 3 4 5 6 7 9 11 13 | 13.2
Polearms       | 4 5 6 8 9 11 12 13 15 16 | 16.4
Stealth        | 1 2 3 4 6 9 |  9.5
Fighting       | 3 4 5 7 8 10 12 14 | 14.6
Spellcasting   | 3 4 5 6 7 |  7.2
Conjurations   | 5 6 7 8 9 |  9.0
Necromancy     | 1 2 3 4 5 |  5.4
Evocations     | 2 3 4 |  4.2
Air Magic      | 1 2 3 |  3.7
Poison Magic   | 1 2 3 |  3.3
Transmutations | |  0.1

Action                   |  1- 3 |  4- 6 |  7- 9 | 10-12 || total
-------------------------+-------+-------+-------+-------++-------
Melee: Trident           |    18 |    72 |    24 |       ||   114
       Spear             |     5 |       |       |       ||     5
       Tailslap          |     3 |    12 |     7 |    40 ||    62
       Punch             |       |     1 |       |     2 ||     3
       Halberd           |       |       |    67 |    20 ||    87
       Demon trident     |       |       |       |   249 ||   249
 Cast: Kiss of Death     |     4 |    11 |     5 |       ||    20
       Mephitic Cloud    |       |       |     1 |     4 ||     5
       Wereblood         |       |       |       |     1 ||     1
 Abil: Breathe Lightning |       |       |     3 |     4 ||     7
Evoke: Wand              |       |     5 |       |     2 ||     7
  Use: Potion            |       |     4 |     8 |    10 ||    22
       Scroll            |       |       |     2 |     3 ||     5
 Stab: Sleeping          |     1 |       |     1 |     5 ||     7
       Confused          |       |       |       |     3 ||     3
       Invisible         |       |       |       |     7 ||     7
Armor: Skin              |     8 |    18 |    66 |    59 ||   151
Dodge: Dodged            |    19 |    33 |   100 |   163 ||   315

Table legend: (Time is in decaauts)
 A = Elapsed time spent in this place.
 B = Non-inter-level travel time spent in this place.
 C = Inter-level travel time spent in this place.
 D = Time resting spent in this place.
 E = Time spent auto-exploring this place.
 F = Levels seen in this place.
 G = Mean time per level.
                   A        B        C        D        E       F      G
               +--------+--------+--------+--------+--------+-----+--------+
         Total |   4177 |   4177 |      0 |   2881 |     17 |   1 | 4177.0 |
       Dungeon |   4177 |   4177 |      0 |   2881 |     17 |   1 | 4177.0 |
               +--------+--------+--------+--------+--------+-----+--------+

Top non-repeatable levels by time:
       D: 4177 daAuts
